 Dungeon Crawl Stone Soup version 0.26-a0-257-g47e9e61525 (webtiles) character file.

Game seed: 5695727820521624906

9 Infinimo the Ducker (level 2, -2/15 HPs)
             Began as a Spriggan Gladiator on July 10, 2020.
             Killed from afar by an orc wizard (3 damage)
             ... with a puff of flame
             ... on level 2 of the Dungeon.
             The game lasted 00:01:26 (788 turns).

Infinimo the Ducker (Spriggan Gladiator)             Turns: 788, Time: 00:01:27

Health: -2/15      AC:  2    Str: 10    XL:     2   Next: 6%
Magic:  3/3        EV: 19    Int:  9    God:
Gold:   53         SH:  5    Dex: 17    Spells: 1/1 levels left

rFire    . . .     SeeInvis +   a - +0 rapier
rCold    . . .     Faith    .   o - +0 buckler
rNeg     . . .     Spirit   .   b - +0 robe
rPois    .         Reflect  .   c - +0 hat
rElec    .         Harm     .   (no cloak)
rCorr    .                      (gloves unavailable)
MR       .....                  (boots unavailable)
Stlth    ++........             (no amulet)
HPRegen  0.05/turn              (no ring)
MPRegen  0.08/turn              (no ring)

@: very quick
A: very small, unfitting armour, see invisible, herbivore, speed 3, slow
metabolism 2
a: no special abilities


You were on level 2 of the Dungeon.
You were not hungry.

You visited 1 branch of the dungeon, and saw 2 of its levels.

You collected 53 gold pieces.

Inventory:

Hand Weapons
 a - a +0 rapier (weapon)
Missiles
 d - 2 throwing nets
 p - 2 boomerangs of dispersal (quivered)
Armour
 b - a +0 robe (worn)
 c - a +0 hat (worn)
 o - a +0 buckler (worn)
Scrolls
 e - 2 scrolls of identify {unknown}
 g - a scroll of blinking {unknown}
 i - a scroll of teleportation {unknown}
 k - a scroll of remove curse {unknown}
 l - a scroll of amnesia {unknown}
 m - a scroll of magic mapping {unknown}
 n - a scroll of noise {unknown}
Potions
 h - a potion of heal wounds {unknown}
 j - a potion of curing {unknown}
Comestibles
 f - 4 rations


   Skills:
 + Level 1.7 Fighting
 + Level 3.4 Short Blades
 - Level 2.0 Throwing
 + Level 4.6 Dodging
 * Level 1.6 Stealth
 + Level 0.0 Shields


You had one spell level left.
You didn't know any spells.
Your spell library was empty.

Dungeon Overview and Level Annotations

Branches:
Dungeon (2/15)

Altars:
Sif Muna


Innate Abilities, Weirdness & Mutations

You are very small and have problems with some larger weapons.
You are too small for most types of armour.
You have supernaturally acute eyesight. (SInv)
You are a herbivore.
You cover ground extremely quickly.
You need to consume almost no food.


Message History

The boomerang of dispersal hits the orc but does no damage.
The orc is heavily wounded.
Throwing (i - inventory. (/) - cycle)
p - 3 boomerangs of dispersal (quivered)
Press: ? - help, Shift-Dir - straight line, f/p - orc wizard
Aim: an orc wizard, wielding a -3 dagger and wearing a +0 robe You throw a boomerang of dispersal.
The boomerang of dispersal barely misses the orc.
The boomerang of dispersal hits the orc wizard.
The orc wizard blinks!
The orc wizard is moderately wounded.
The orc wizard casts a spell at you. You resist with some effort.
The orc wizard points at you and mumbles some strange words.
The magic dart hits you.
* * * LOW HITPOINT WARNING * * *
The orc wizard casts a spell.
The orc wizard flickers and vanishes for a moment.
The orc wizard gestures at you while chanting.
The puff of flame hits you.
You die...

#.# #.# ##.## #...#
.. ###...### #..
.....(. #.# #...#
#.# ###.@.# # #.# .
#..)..# .###.#
?###..#...# ..#..##
.....##...#
#.....###..# #...#
...>.o....#####.o.##
#...#...#.o........#
..#####.......o....#
.## ###o.........#


You could see an orc wizard (invisible) and an orc.

Vanquished Creatures
  A giant cockroach (D:2)
  2 goblins (D:1)
  A hobgoblin (D:1)
  A kobold (D:1)
  A frilled lizard (D:1)
  3 rats (D:1)
9 creatures vanquished.

Notes
Turn   | Place    | Note
-------+----------+-------------------------------------------
     0 | D:1      | Infinimo the Spriggan Gladiator began the quest for the
                  | Orb.
     0 | D:1      | Reached XP level 1. HP: 10/10 MP: 2/2
    94 | D:1      | Reached skill level 1 in Stealth
   358 | D:1      | Reached XP level 2. HP: 6/15 MP: 3/3
   651 | D:1      | Found a shimmering blue altar of Sif Muna.
   788 | D:2      | Killed from afar by an orc wizard

Illustrated notes

Levels and vault maps discovered:
D:1:      dpeg_arrival_water_altar, layout_rooms, kennysheep_another_room
D:2:      layout_rooms, chequers_ecumenical_altar_lobes,
          nicolae_qazlal_general_emergency

Skill      XL: |  1 |
---------------+----+-----
Stealth        | 1 |  1.6
Fighting       | |  1.7
Short Blades   | |  3.4
Throwing       | |  2.0
Dodging        | |  4.6

Action                   || total
-------------------------++-------
Melee: Rapier            ||    35
Throw: Boomerang         ||     5
       Throwing net      ||     1
 Stab: Sleeping          ||     1
Armor: Robe              ||     3
Dodge: Dodged            ||    35
Block: Buckler           ||     4

Table legend:
 A = Non-vault XP
 B = Vault XP
 C = Vault XP percentage of total XP
 D = Non-vault monster count
 E = Vault monster count
 F = Vault count percentage of total count
                 A         B        C        D         E       F
            +---------+---------+-------+---------+---------+-------
      Total |      14 |       0 |   0.0 |       9 |       0 |   0.0
            +---------+---------+-------+---------+---------+-------
        D:1 |      12 |       0 |   0.0 |       8 |       0 |   0.0
        D:2 |       2 |       0 |   0.0 |       1 |       0 |   0.0
            +---------+---------+-------+---------+---------+-------
